 Dungeon Crawl Stone Soup version 0.20.1-1-g8b1a95d (webtiles) character file.

135 vishdafish the Shield-Bearer (level 5, -2/42 HPs)
             Began as a Formicid Fighter on July 13, 2017.
             Slain by a river rat (8 damage)
             ... on level 3 of the Dungeon.
             The game lasted 00:03:16 (1686 turns).

vishdafish the Shield-Bearer (Formicid Fighter)     Turns: 1686, Time: 00:03:17

Health: -2/42      AC:  8    Str: 26    XL:     5   Next: 42%
Magic:  5/5        EV:  8    Int: 13    God:
Gold:   158        SH: 10    Dex: 10    Spells: 4/4 levels left

rFire    . . .     SeeInvis +   a - +0 war axe
rCold    . . .     Gourm    .   c - +0 shield
rNeg     . . .     Faith    .   b - +0 scale mail
rPois    .         Spirit   .   (helmet unavailable)
rElec    .         Reflect  .   p - +0 cloak
rCorr    .         Harm     .   (no gloves)
MR       .....                  (no boots)
Stlth    ..........             (no amulet)
Regen    0.2/turn               (no ring)
MPRegen  0.1/turn               (no ring)

@: mighty, brilliant
A: permanent stasis, dig shafts and tunnels, four strong arms, antennae 3
a: Dig, Shaft Self


You were on level 3 of the Dungeon.
You were hungry.

You visited 1 branch of the dungeon, and saw 3 of its levels.

You collected 158 gold pieces.

Inventory:

Hand Weapons
 a - a +0 war axe (weapon)
Missiles
 n - a throwing net (quivered)
Armour
 b - a +0 scale mail (worn)
 c - a +0 shield (worn)
 p - a +0 cloak (worn)
Scrolls
 h - a scroll of teleportation {unknown}
 i - a scroll of identify {unknown}
 j - 5 scrolls of remove curse
 r - a scroll of amnesia {unknown}
 t - a scroll of random uselessness {unknown}
Potions
 e - a potion of flight {unknown}
 l - a potion of brilliance
 m - a potion of haste {unknown}
 o - a potion of mutation {unknown}
 q - a potion of heal wounds {unknown}
Comestibles
 f - 3 bread rations
 g - 2 meat rations
 s - 2 royal jellies


   Skills:
 + Level 4.1 Fighting
 * Level 3.6 Axes
 + Level 4.1 Armour
 + Level 4.2 Shields


You had 4 spell levels left.
You didn't know any spells.

Dungeon Overview and Level Annotations

Branches:
Dungeon (3/15)

Altars:
Ashenzari
Dithmenos


Innate Abilities, Weirdness & Mutations

You cannot be hasted, slowed, berserked, paralysed or teleported.
You can dig through walls and to a lower floor.
Your four strong arms can wield two-handed weapons with a shield.
You have a pair of large antennae on your head. (SInv)


Message History

You hit the river rat. The river rat barely misses you.
The river rat bites you.
* * * LOW HITPOINT WARNING * * *
The rat barely misses you. You block the river rat's attack.
You feel better. You block the river rat's attack. The rat barely misses you.
The river rat bites you.
* * * LOW HITPOINT WARNING * * *
It was a potion of brilliance.
You feel clever all of a sudden. You block the river rat's attack.
The rat closely misses you. The river rat barely misses you.
You feel very mighty all of a sudden. You block the river rat's attack.
You block the rat's attack. The river rat barely misses you.
You slice the river rat!!
You kill the river rat!
You slash the rat!
You kill the rat!
You slash the river rat! The river rat bites you!
You die...

..≈≈# .≈≈≈#
#...≈+# ...≈≈≈≈
....≈≈≈ ......≈
##)......
#@†...... ###
##r#######
####.### #.(#
.......# ##(##
.......#######(.#
...............##
.........#######
........##
.......##


You could see a river rat.

Vanquished Creatures
  An adder (D:3)
  3 gnolls
  2 river rats (D:3)
  2 worms
  A dart slug (D:3)
  2 leopard geckos (D:1)
  3 orcs (D:3)
  2 ball pythons
  5 bats
  3 giant cockroaches
  9 goblins
  8 hobgoblins
  5 quokkas
  6 frilled lizards
  10 kobolds
  7 rats
69 creatures vanquished.

Notes
Turn   | Place    | Note
-------+----------+-------------------------------------------
     0 | D:1      | vishdafish the Formicid Fighter began the quest for the Orb.
     0 | D:1      | Reached XP level 1. HP: 18/18 MP: 1/1
    87 | D:1      | Reached XP level 2. HP: 24/24 MP: 2/2
   180 | D:1      | Reached XP level 3. HP: 27/29 MP: 3/3
   914 | D:2      | Reached XP level 4. HP: 28/37 MP: 4/4
  1056 | D:2      | Found a shadowy altar of Dithmenos.
  1242 | D:2      | Found a shattered altar of Ashenzari.
  1616 | D:3      | Reached XP level 5. HP: 39/42 MP: 5/5
  1686 | D:3      | Slain by a river rat

Skill      XL: |  1  2  3  4 |
---------------+-------------+-----
Axes           | 3 |  3.6
Shields        | 4 |  4.2
Fighting       | 4 |  4.1
Armour         | 4 |  4.1

Action                   |  1- 3 |  4- 6 || total
-------------------------+-------+-------++-------
Melee: War axe           |    76 |    99 ||   175
  Use: Scroll            |       |     1 ||     1
       Potion            |       |     4 ||     4
  Eat: Chunk             |       |     2 ||     2
Armor: Scale mail        |    32 |    40 ||    72
Dodge: Dodged            |    25 |    42 ||    67
Block: Shield            |    43 |    77 ||   120
